 Dungeon Crawl Stone Soup version 0.26-a0-835-g8259106e14 (webtiles) character file.

Game seed: 13815958612092126534

5266 BuffBuff the Basher (level 10, -4/96 HPs)
             Began as a Gargoyle Fighter on Nov 17, 2020.
             Was a Priest of Trog.
             Slain by an orc knight
             ... wielding a +0 war axe
              (19 damage)
             ... in a bailey.
             The game lasted 00:47:32 (9183 turns).

BuffBuff the Basher (Gargoyle Fighter)              Turns: 9183, Time: 00:47:32

Health: -4/96      AC: 23    Str: 22    XL:     10   Next: 62%
Magic:  10/10      EV:  9    Int: 10    God:    Trog [***...]
Gold:   498        SH: 12    Dex: 15    Spells: 9/9 levels left

rFire    . . .     SeeInvis .   y - +0 morningstar
rCold    . . .     Faith    .   c - +0 kite shield
rNeg     + . .     Spirit   .   p - +3 scale mail
rPois    ∞         Reflect  .   E - +0 helmet
rElec    +         Harm     .   (no cloak)
rCorr    .         Rampage  .   x - +0 pair of gloves
MR       +....                  n - +1 pair of boots
Stlth    ..........             t - amulet of regeneration
HPRegen  0.66/turn              v - +6 ring of dexterity
MPRegen  0.12/turn              b - ring of protection from magic

@: berserking (expiring), very quick
A: negative energy resistance 1, electricity resistance, unbreathing,
petrification resistance, rot immunity, AC +7
a: Berserk, Trog's Hand, Renounce Religion


You were in a bailey.
You worshipped Trog.
Trog was most pleased with you.
You visited 2 branches of the dungeon, and saw 10 of its levels.
You also visited: Bailey.

You collected 498 gold pieces.

Inventory:

Hand Weapons
 i - a +1 antimagic mace
 y - a +0 morningstar (weapon)
Missiles
 q - 169 stones (quivered)
 D - 11 poisoned darts
Armour
 c - a +0 kite shield (worn)
 n - a +1 pair of boots (worn)
 p - a +3 scale mail (worn)
 x - a +0 pair of gloves (worn)
 E - a +0 helmet (worn)
 G - the +3 ring mail of Negation {rPois}
   (You found it on level 8 of the Dungeon)

   It protects you from poison.
Jewellery
 b - a ring of protection from magic (right hand)
 t - an amulet of regeneration (around neck)
 v - a +6 ring of dexterity (left hand)
 A - an uncursed ring of resist corrosion
Wands
 d - a wand of disintegration (15)
 r - a wand of acid (20)
 z - a wand of enslavement (4)
 C - a wand of flame (14)
Scrolls
 g - 2 scrolls of magic mapping
 j - a scroll of enchant weapon {unknown}
 k - a scroll of fog {unknown}
 m - 6 scrolls of teleportation
 s - a scroll of summoning {unknown}
 B - 3 scrolls of blinking {unknown}
 F - a scroll of remove curse
 H - a scroll of enchant armour
Potions
 a - 2 potions of lignification
 e - 2 potions of flight
 f - a potion of resistance {unknown}
 h - 3 potions of curing
 l - a potion of haste {unknown}
 u - 2 potions of degeneration {unknown}
 w - a potion of heal wounds


   Skills:
 + Level 8.1 Fighting
 * Level 10.0 Maces & Flails
 + Level 8.1 Armour
 - Level 1.0 Dodging
 + Level 8.4 Shields


You had 9 spell levels left.
You didn't know any spells.
Your spell library was empty.

Dungeon Overview and Level Annotations

Branches:
Dungeon (9/15)             Temple (1/1) D:7            Lair (0/6) D:9
 Bailey (1/1)
    Orc: D:9-12

Altars:
Ashenzari
Cheibriados
Dithmenos
Elyvilon
Fedhas
Hepliaklqana
Kikubaaqudgha
Makhleb
Nemelex Xobeh
Okawaru
Qazlal
Ru
Sif Muna
Trog
Uskayaw
Vehumet
Wu Jian
Xom
Yredelemnul
Zin
The Shining One

Shops:
D:5 (


Innate Abilities, Weirdness & Mutations

You are resistant to torment.
Your stone body is resilient. (AC +7)
You are immune to poison.
You resist negative energy. (rN+)
You are resistant to electric shocks. (rElec)
You can survive without breathing.
You are immune to petrification.
You are immune to rotting.


Message History

The orc warlord barely misses you.
The orc knight hits you with a +0 war axe!!
You hit the orc warlord but do no damage.
The orc warlord is severely wounded.
You block the orc knight's attack.
The orc warlord hits you but does no damage.
You hit the orc warlord.
The orc warlord is almost dead.
You hit the orc warlord but do no damage.
The orc warlord is almost dead.
The orc warrior no longer looks unusually strong.
The orc knight roars a battlecry!
The orc warrior goes into a battle-frenzy!
The orc warlord hits you with a +1 great sword of holy wrath!!
* * * LOW HITPOINT WARNING * * *
You are too berserk!
You hit the orc warlord but do no damage.
The orc warlord is almost dead.
The orc knight hits you with a +0 war axe!!
You die...

♣##)''##♣♣ ##.....##
#.......# ##.......##
#.........# ##.........##
#######.....⌠.....######
##.....##........)##.....
#.....go@.........'......
##.....oo##.......##......
#......ogo#.......#.......
##.........##.....##.......
#.....⌠.....#######.....⌠..
##.........## ##.......
#.....(...# #.......
##.......## ##......
#.......# #......


You could see an orc warlord (strong), an orc knight (strong), 2 orc warriors, a
gnoll and a goblin.

Vanquished Creatures
  An orc knight (Bailey)
  A wolf spider zombie (D:9)
  A troll (D:9)
  Menkaure (D:6)
  2 ice beasts (D:6)
  9 orc warriors
  A black bear (D:8)
  An eye of draining (D:6)
  3 ogres
  A sky beast (D:5)
  2 necrophages
  4 centaurs
  Blork the orc (D:4)
  A bullfrog (D:8)
  A gnoll sergeant (D:8)
  A water moccasin skeleton (D:8)
  4 scorpions
  3 wights
  5 howler monkeys
  2 quasits (D:8)
  An orc priest (D:4)
  5 hounds
  A centaur skeleton (D:6)
  A gnoll shaman (D:8)
  A bullfrog skeleton (D:4)
  2 iguanas
  9 orc wizards
  5 worker ants
  A hound skeleton (D:8)
  A howler monkey skeleton (D:7)
  17 gnolls
  9 adders
  A shadow imp (D:6)
  4 white imps
  An ooze (D:2)
  An adder zombie (D:5)
  5 worms
  3 dart slugs (D:3)
  3 leopard geckos
  50 orcs
  3 ball pythons
  5 giant cockroaches
  24 goblins
  24 hobgoblins
  19 jackals
  8 kobolds
  3 quokkas
  6 bats
  4 frilled lizards
  A leopard gecko zombie (D:5)
  10 rats
273 creatures vanquished.

Vanquished Creatures (others)
  An orc wizard (D:4)
1 creature vanquished.

Grand Total: 274 creatures vanquished

Notes
Turn   | Place    | Note
-------+----------+-------------------------------------------
     0 | D:1      | BuffBuff the Gargoyle Fighter began the quest for the Orb.
     0 | D:1      | Reached XP level 1. HP: 14/14 MP: 1/1
   290 | D:1      | Reached XP level 2. HP: 19/19 MP: 2/2
   937 | D:2      | Reached XP level 3. HP: 22/23 MP: 3/3
  1335 | D:2      | Reached XP level 4. HP: 25/28 MP: 4/4
  1432 | D:2      | Reached skill level 3 in Maces & Flails
  1998 | D:3      | Reached skill level 1 in Dodging
  1998 | D:3      | Reached XP level 5. HP: 27/33 MP: 5/5
  2445 | D:3      | Reached skill level 4 in Maces & Flails
  2559 | D:3      | Reached XP level 6. HP: 38/38 MP: 6/6
  2681 | D:3      | Found a hazy altar of Hepliaklqana.
  3960 | D:4      | Noticed Blork the orc
  3975 | D:4      | Killed Blork the orc
  3976 | D:4      | Reached XP level 7. HP: 40/44 MP: 7/7
  4053 | D:4      | Reached skill level 5 in Maces & Flails
  4053 | D:4      | Reached skill level 5 in Shields
  4356 | D:5      | Entered Level 5 of the Dungeon
  4356 | D:5      | Found Lucixt's Weapon Shop.
  4657 | D:5      | Reached skill level 5 in Fighting
  4657 | D:5      | Reached skill level 5 in Armour
  4849 | D:5      | Reached XP level 8. HP: 13/49 MP: 8/8
  5249 | D:5      | Found a faded altar of an unknown god.
  5249 | D:5      | Found a shimmering altar of Xom.
  5256 | D:5      | Found a faded altar of an unknown god.
  5260 | D:5      | Found an iron altar of Okawaru.
  5262 | D:5      | Found a shimmering blue altar of Sif Muna.
  5280 | D:5      | Became a worshipper of Trog the Wrathful
  5280 | D:5      | Reached * piety under Trog
  5323 | D:5      | Found a shadowy altar of Dithmenos.
  5335 | D:5      | Reached skill level 6 in Maces & Flails
  5911 | D:6      | Reached ** piety under Trog
  5951 | D:6      | Noticed Menkaure
  5983 | D:6      | Killed Menkaure
  6119 | D:6      | Reached skill level 7 in Maces & Flails
  6381 | D:6      | Reached XP level 9. HP: 55/55 MP: 9/9
  7068 | D:7      | Found a staircase to the Ecumenical Temple.
  7079 | Temple   | Entered the Ecumenical Temple
  7438 | D:8      | Reached skill level 8 in Maces & Flails
  7489 | D:8      | Noticed a death knight
  7493 | D:8      | Noticed a skeletal warrior
  7818 | D:8      | Got a steaming ring mail
  8034 | D:8      | Reached skill level 9 in Maces & Flails
  8034 | D:8      | Reached XP level 10. HP: 42/63 MP: 10/10
  8177 | D:8      | Reached *** piety under Trog
  8314 | D:8      | Identified the +3 ring mail of Negation {rPois} (You found
                  | it on level 8 of the Dungeon)
  8447 | D:9      | Found a flagged portal.
  8468 | Bailey   | Entered a bailey
  8921 | Bailey   | Reached **** piety under Trog
  9021 | Bailey   | Noticed an orc warlord
  9021 | Bailey   | Noticed an orc knight
  9021 | Bailey   | Noticed an orc knight
  9023 | Bailey   | Noticed an orc knight
  9090 | Bailey   | HP: 1/64 [orc warrior/+0 war axe (6)]
  9116 | Bailey   | Killed an orc knight
  9117 | Bailey   | Reached skill level 10 in Maces & Flails
  9183 | Bailey   | Slain by an orc knight

Illustrated notes

Levels and vault maps discovered:
D:1:      dpeg_arrival_water_fire, layout_basic
D:2:      layout_basic, kennysheep_generic_room_13
D:3:      layout_loops_ring, old_standard_altar
D:4:      layout_basic, uniq_blork_the_orc
D:5:      layout_basic, lemuel_doored_altar,
          chequers_temple_overflow_minitemple, serial_shops, shop
D:6:      minmay_opposing_rooms, layout_loops_ring, uniq_menkaure
D:7:      layout_rooms, minmay_temple_entry_grid, dk_noncrumbling_3
D:8:      minmay_four_partial_circles, layout_rooms,
          onia_ninara_dug_in_and_dangerous
D:9:      layout_cave_pools, grunt_gozag_statues, lair_entry_dummy,
          enter_bailey_3
Temple:   eino_temple_rhombus
Bailey:   bailey_axe_minmay_hex_keep, bailey

Skill      XL: |  1  2  3  4  5  6  7  8  9 10 |
---------------+-------------------------------+-----
Maces & Flails | 3 4 5 7 9 10 | 10.0
Shields        | 4 5 6 7 8 |  8.4
Dodging        | 1 |  1.0
Fighting       | 4 5 6 7 8 |  8.1
Armour         | 4 5 6 7 8 |  8.1

Action                   |  1- 3 |  4- 6 |  7- 9 | 10-12 || total
-------------------------+-------+-------+-------+-------++-------
Melee: Flail             |   151 |   291 |       |       ||   442
       Morningstar       |       |    38 |   444 |   277 ||   759
       Mace              |       |       |     3 |       ||     3
Throw: Stone             |       |     8 |     2 |     2 ||    12
Invok: Berserk           |       |       |     3 |     1 ||     4
       Trog's Hand       |       |       |     2 |     7 ||     9
  Use: Potion            |       |     1 |       |     2 ||     3
       Scroll            |       |       |    11 |     3 ||    14
Armor: Scale mail        |    75 |    34 |   110 |   126 ||   345
       Chain mail        |       |   159 |   134 |       ||   293
Dodge: Dodged            |    49 |    62 |   133 |    90 ||   334
Block: Kite shield       |    80 |   122 |   256 |   185 ||   643

Table legend: (Time is in decaauts)
 A = Elapsed time spent in this place.
 B = Non-inter-level travel time spent in this place.
 C = Inter-level travel time spent in this place.
 D = Time resting spent in this place.
 E = Time spent auto-exploring this place.
 F = Levels seen in this place.
 G = Mean time per level.
                   A        B        C        D        E       F      G
               +--------+--------+--------+--------+--------+-----+--------+
         Total |   9463 |   9276 |    187 |   1645 |   4333 |  11 |  860.3 |
       Dungeon |   8563 |   8387 |    176 |   1507 |   4188 |   9 |  951.4 |
        Temple |    175 |    164 |     11 |      0 |    145 |   1 |  175.0 |
        Bailey |    724 |    724 |      0 |    138 |      0 |   1 |  724.0 |
               +--------+--------+--------+--------+--------+-----+--------+

Top non-repeatable levels by time:
     D:6: 1329 daAuts
     D:2: 1248 daAuts
     D:4: 1228 daAuts
     D:5: 1142 daAuts
     D:3: 1116 daAuts
     D:8: 963 daAuts
     D:1: 920 daAuts
  Bailey: 724 daAuts
     D:7: 496 daAuts
  Temple: 175 daAuts
     D:9: 117 daAuts
